 Dungeon Crawl Stone Soup version 0.30.0-29-ga12c61a403 (webtiles) character file.

Game seed: 14237377957118961434

322 qw the Chopper (level 6, 0/37 HPs)
             Began as a Gargoyle Fighter on June 4, 2023.
             Slain by a gnoll
             ... wielding a +0 club
             ... led by a gnoll bouda
              (1 damage)
             ... on level 4 of the Dungeon.
             The game lasted 00:01:17 (3051 turns).

qw the Chopper (Gargoyle Fighter)                   Turns: 3051, Time: 00:01:17

Health: 0/37       AC: 15    Str: 21    XL:     6   Next: 47%
Magic:  6/6        EV:  5    Int:  9    God:
Gold:   120        SH:  4    Dex:  9    Spells: 5/5 levels left

rFire   . . .        Y - +0 war axe
rCold   . . .        c - +0 buckler
rNeg    + . .        m - +0 plate armour
rPois   inf          (no helmet)
rElec   +            (no cloak)
rCorr   .            (no gloves)
SInv    +            (no boots)
Will    .....        k - amulet of faith Stlth
                     n - ring of see invisible
HPRegen 0.26/turn    (no ring)
MPRegen 0.10/turn

%: faith
@: weakened
A: sickness immunity, AC +4, negative energy resistance 1, electricity
resistance, torment resistance 1, petrification resistance
a: no special abilities


You were on level 4 of the Dungeon.
You visited 1 branch of the dungeon, and saw 4 of its levels.

You collected 120 gold pieces.


Innate Abilities, Weirdness & Mutations

You are immune to sickness and miasma.
Your stone body is resilient. (AC +4)
You are immune to poison.
You resist negative energy. (rN+)
You are resistant to electric shocks. (rElec)
You are resistant to unholy torment.
You are immune to petrification.


   Skills:
 + Level 3.5 Fighting
 - Level 6.0 Axes
 - Level 3.2 Armour
 - Level 3.2 Shields


You had 5 spell levels left.
You didn't know any spells.
Your spell library was empty.

Inventory:

Hand Weapons
 f - a +0 whip
 Y - a +0 war axe (weapon)
Armour
 c - a +0 buckler (worn)
 m - a +0 plate armour (worn)
Jewellery
 k - an amulet of faith (around neck)
 n - a ring of see invisible (left hand)
Scrolls
 l - a scroll of identify
Potions
 a - a potion of curing
 b - a potion of attraction
 d - a potion of might
 e - a potion of mutation
 g - a potion of lignification
 h - a potion of resistance
 j - a potion of berserk rage {unknown}

Dungeon Overview and Level Annotations

Branches:
Dungeon (4/15)
 Temple: D:4-7

Altars:
The Shining One

Shops:
D:1 (

Annotations:
D:4 Grinder


Message History

You slash the gnoll!
You kill the gnoll!
You hit the gnoll bouda but do no damage.
The gnoll barely misses you. The gnoll bouda closely misses you.
You barely miss the gnoll bouda. The gnoll hits you but does no damage.
The gnoll bouda hits you but does no damage.
You hit Grinder.
Grinder is moderately wounded.
You completely miss the gnoll bouda.
The gnoll throws a throwing net.
The throwing net hits you.
You become entangled in the net!
The gnoll hits you from afar with a +0 spear.
The gnoll bouda barks out a call to the hunt!
The gnolls pick up the pace!
Grinder blinks!
You struggle against the net.
The gnoll hits you from afar with a +0 spear.
The gnoll bouda hits you with a +0 whip.
You struggle against the net.
The gnoll completely misses you.
The gnoll bouda hits you with a +0 whip.
Grinder gestures at you.
You barely resist. The gnoll hits you with a +0 club!
You struggle against the net.
The gnoll barely misses you.
The gnoll bouda hits you but does no damage.
Grinder gestures at you.
You are unaffected.
The gnoll hits you but does no damage.
You rip the net and break free!
The gnoll hits you but does no damage.
The gnoll bouda hits you with a +0 whip.
The gnoll barely misses you.
You slash the gnoll bouda!
The gnoll bouda is moderately wounded.
You barely miss the gnoll. You block the gnoll's attack.
The gnoll bouda hits you but does no damage.
The gnoll hits you with a +0 club.
You die...

# .#
###.#
....#
...#
##...#
####..#
#..5..#
#g@g..#
#<..#.#
##g.#.#
....#.#
g#..##.#
.g .>##
.# g ...
.. ####
..


You could see Grinder, a gnoll bouda and 2 gnolls.

Vanquished Creatures
  Sigmund (D:3)
  7 gnolls
  2 adders (D:2)
  3 worms
  2 dart slugs
  3 bats
  7 endoplasms
  3 giant cockroaches (D:3)
  8 goblins
  2 hobgoblins
  13 jackals
  7 kobolds
  3 ball pythons (D:1)
  A frilled lizard (D:2)
  2 rats
64 creatures vanquished.

Vanquished Creatures (others)
  Ijyb (D:3)
1 creature vanquished.

Grand Total: 65 creatures vanquished

Notes
Turn   | Place    | Note
-------+----------+-------------------------------------------
     0 | D:1      | qw the Gargoyle Fighter began the quest for the Orb.
     0 | D:1      | Reached XP level 1. HP: 14/14 MP: 1/1
     0 | D:1      | 0 ||| qw: Version: 0.2-a-107-g4668610
     0 | D:1      | 0 ||| qw: Game counter: 1266
     0 | D:1      | 0 ||| qw: Always use a shield: true
     0 | D:1      | 0 ||| qw: God list: Okawaru
     0 | D:1      | 0 ||| qw: Allow faded altars: false
     0 | D:1      | 0 ||| qw: Do Orc after D:15 true
     0 | D:1      | 0 ||| qw: Do second Lair branch before Depths: true
     0 | D:1      | 0 ||| qw: Lair rune preference: random
     0 | D:1      | 0 ||| qw: Plans: Normal, Zot:1-4, Slime:5, God:TSO, Crypt,
                  | Tomb, Abyss, Pan, Hells, Win
     0 | D:1      | 0 ||| PLANNING D:1-11
    27 | D:1      | Reached skill level 2 in Axes
   130 | D:1      | 130 ||| Stepping ~*~*~tactically~*~*~ (hiding).
   131 | D:1      | 131 ||| Stepping ~*~*~tactically~*~*~ (hiding).
   135 | D:1      | Reached XP level 2. HP: 18/19 MP: 2/2
   260 | D:1      | 260 ||| Stepping ~*~*~tactically~*~*~ (hiding).
   388 | D:1      | Found Toabeis's Weapon Shoppe.
   506 | D:1      | You fall into a shaft and drop 1 floor!
   543 | D:2      | Reached skill level 3 in Axes
   578 | D:2      | 578 ||| UPGRADING to +0 plate armour.
   588 | D:2      | 588 ||| DROPPING +0 scale mail.
   589 | D:2      | 589 ||| UPGRADING to amulet of faith.
   594 | D:2      | 594 ||| DROPPING ring of magical power.
   595 | D:2      | 595 ||| READING scroll labelled IVASIEROGA.
   696 | D:2      | 696 ||| READING 2 scrolls labelled ATWUF ISISM.
   697 | D:2      | 697 ||| READING scroll labelled KUEGHO VYPIOD.
   698 | D:2      | 698 ||| READING 2 scrolls labelled ROKYAC WEDWOSCH.
   699 | D:2      | 699 ||| READING scroll labelled PIDOUD FUZI.
   700 | D:2      | 700 ||| DROPPING scroll of blinking.
   725 | D:1      | Reached XP level 3. HP: 11/23 MP: 3/3
   907 | D:1      | 907 ||| DROPPING +6 ring of intelligence.
  1103 | D:2      | Identified the +2 short sword of Cheibriados {protect,
                  | rElec SInv}
  1179 | D:2      | 1179 ||| Stepping ~*~*~tactically~*~*~ (stealth).
  1221 | D:2      | Reached XP level 4. HP: 28/28 MP: 4/4
  1223 | D:2      | Reached skill level 4 in Axes
  1535 | D:2      | 1535 ||| Stepping ~*~*~tactically~*~*~ (stealth).
  1640 | D:2      | Reached XP level 5. HP: 32/32 MP: 5/5
  1816 | D:2      | 1816 ||| READING scroll labelled VIAHAK KAFORPH.
  1817 | D:2      | 1817 ||| READING 3 scrolls of identify.
  1817 | D:2      | 1817 ||| IDENTIFYING inky potion
  1818 | D:2      | 1818 ||| READING 2 scrolls of identify.
  1818 | D:2      | 1818 ||| IDENTIFYING brown potion
  2150 | D:3      | 2150 ||| Stepping ~*~*~tactically~*~*~ (hiding).
  2392 | D:3      | Found a glowing golden altar of the Shining One.
  2654 | D:3      | Noticed Ijyb
  2659 | D:3      | Killed Ijyb
  2835 | D:3      | Noticed Sigmund
  2840 | D:3      | Killed Sigmund
  2841 | D:3      | Reached skill level 6 in Axes
  2841 | D:3      | Reached XP level 6. HP: 32/37 MP: 6/6
  2969 | D:3      | 2969 ||| UPGRADING to ring of see invisible.
  2970 | D:3      | 2970 ||| READING scroll labelled TATSUA TELY.
  2971 | D:3      | 2971 ||| DRINKING 2 viscous amethyst potions.
  3000 | D:3      | 3000 ||| READING 3 scrolls of identify.
  3000 | D:3      | 3000 ||| IDENTIFYING puce potion
  3001 | D:3      | 3001 ||| READING 2 scrolls of identify.
  3001 | D:3      | 3001 ||| IDENTIFYING bubbling inky potion
  3032 | D:4      | 3032 ||| Stepping ~*~*~tactically~*~*~ (hiding).
  3032 | D:4      | Noticed Grinder
  3034 | D:4      | 3034 ||| Stepping ~*~*~tactically~*~*~ (hiding).
  3038 | D:4      | Paralysed by Grinder for 4 turns
  3048 | D:4      | HP: 9/37 [gnoll bouda/+0 whip (1)]
  3048 | D:4      | HP: 2/37 [gnoll/+0 club[a gnoll bouda] (7)]
  3051 | D:4      | Slain by a gnoll

Levels and vault maps discovered:
D:1:      dpeg_arrival_tiny_b, layout_loops_ring, serial_shops,
          nicolae_lakefront_shop, corexii_leaking_fountain
D:2:      layout_basic, moated_statue
D:3:      layout_basic, mainiacjoe_overflow_boulevard, uniq_ijyb, uniq_sigmund
D:4:      layout_basic, mainiacjoe_overflow_small_starburst, uniq_edmund,
          uniq_grinder, uniq_pikel, uniq_menkaure

Skill      XL: |  1  2  3  4  5 |
---------------+----------------+-----
Axes           | 2 3 4 6 |  6.0
Fighting       | |  3.5
Armour         | |  3.2
Shields        | |  3.2

Action                     |  1- 3 |  4- 6 || total
---------------------------+-------+-------++-------
  Melee: War axe           |   112 |    93 ||   205
    Use: Scroll            |     5 |     6 ||    11
         Potion            |       |     1 ||     1
 Armour: Scale mail        |    26 |       ||    26
         Plate armour      |    57 |    72 ||   129
  Dodge: Dodged            |    64 |    21 ||    85
  Block: Buckler           |    26 |    10 ||    36

Table legend:
 A = Non-vault XP
 B = Vault XP
 C = Vault XP percentage of total XP
 D = Non-vault monster count
 E = Vault monster count
 F = Vault count percentage of total count
                 A         B        C        D         E       F
            +---------+---------+-------+---------+---------+-------
      Total |     237 |     224 |  48.6 |      63 |       2 |   3.1
            +---------+---------+-------+---------+---------+-------
        D:1 |      37 |       0 |   0.0 |      14 |       0 |   0.0
        D:2 |     133 |       0 |   0.0 |      31 |       0 |   0.0
        D:3 |      36 |     224 |  86.2 |      15 |       2 |  11.8
        D:4 |      31 |       0 |   0.0 |       3 |       0 |   0.0
            +---------+---------+-------+---------+---------+-------
